 Dungeon Crawl Stone Soup version 0.21-a0-110-g8e1637b (webtiles) character file.

93 meatball the Cudgeler (level 4, 0/61 HPs)
             Began as a Minotaur Berserker on July 9, 2017.
             Was a Believer of Trog.
             Slain by a gnoll
             ... wielding a +0 whip
              (5 damage)
             ... on level 3 of the Dungeon.
             The game lasted 00:05:44 (2020 turns).

meatball the Cudgeler (Minotaur Berserker)          Turns: 2020, Time: 00:05:45

Health: 0/61       AC:  2    Str: 28    XL:     4   Next: 36%
Magic:  3/3        EV: 12    Int:  4    God:    Trog [**....]
Gold:   111        SH:  0    Dex:  9    Spells: 3/3 levels left

rFire    . . .     SeeInvis .   a - +0 mace
rCold    . . .     Gourm    .   (no shield)
rNeg     . . .     Faith    .   b - +0 animal skin
rPois    .         Spirit   .   (helmet restricted)
rElec    .         Reflect  .   (no cloak)
rCorr    .         Harm     .   (no gloves)
MR       .....                  (no boots)
Stlth    ..........             (no amulet)
HPRegen  0.20/turn              (no ring)
MPRegen  0.08/turn              (no ring)

@: berserking, very quick
A: retaliatory headbutt, horns 2
a: Berserk, Trog's Hand, Burn Spellbooks, Renounce Religion


You were on level 3 of the Dungeon.
You worshipped Trog.
Trog was pleased with you.
You were very hungry.

You visited 1 branch of the dungeon, and saw 3 of its levels.

You collected 111 gold pieces.

Inventory:

Hand Weapons
 a - a +0 mace (weapon)
Armour
 b - a +0 animal skin (worn)
 p - a +0 pair of gloves
Jewellery
 j - a +4 ring of evasion {unknown}
 m - a +3 ring of strength {unknown}
 n - a +2 ring of dexterity {unknown}
Scrolls
 d - 3 scrolls of identify {unknown}
 e - 3 scrolls of enchant armour {unknown}
 i - 2 scrolls of random uselessness {unknown}
 l - a scroll of teleportation {unknown}
Potions
 f - a potion of lignification {unknown}
 g - a potion of heal wounds {unknown}
 k - a potion of brilliance {unknown}
Comestibles
 c - 4 bread rations
 h - 3 royal jellies
 o - a chunk of flesh


   Skills:
 + Level 4.6 Fighting
 * Level 5.0 Maces & Flails
 + Level 3.3 Armour
 - Level 2.1 Dodging


You had 3 spell levels left.
You didn't know any spells.

Dungeon Overview and Level Annotations

Branches:
Dungeon (3/15)

Altars:
Elyvilon
Uskayaw
Wu Jian
Yredelemnul


Innate Abilities, Weirdness & Mutations

You reflexively headbutt those who attack you in melee.
You have a pair of horns on your head.


Message History

The gnoll hits you with a whip!
* * * LOW HITPOINT WARNING * * *
The gnoll misses you.
A red film seems to cover your vision as you go berserk!
You feel yourself moving faster!
You feel mighty!
You are feeling very hungry.
The gnoll hits you with a whip.
* * * LOW HITPOINT WARNING * * *
You thump the gnoll!
You kill the gnoll!
Trog accepts your kill.
Your Maces & Flails skill increases to level 5!
You closely miss the gnoll. You headbutt the gnoll.
The gnoll is moderately wounded.
The gnoll hits you with a whip.
* * * LOW HITPOINT WARNING * * *
You barely miss the gnoll.
The gnoll is moderately wounded.
The gnoll hits you with a whip.
You die...

.# #.# ### ####.##..
#......# ### #.##..#
..# ##.##.## ....
#......###...
###########.......#..
...#.g@........##.##
#.##)#.#####.........#
# #..g...#
#.....#.##.# #
.)..##.###
#....###.#.# # . #.
#..#..#.##.# # #.
#.)#.#..##.# # ..
#..#.......# # ..
........#### # #..
##.#.#..#######


You could see a gnoll.

Vanquished Creatures
  3 gnolls (D:3)
  3 adders
  A dart slug (D:1)
  A ball python (D:1)
  4 giant cockroaches
  2 goblins
  5 hobgoblins
  3 bats
  6 frilled lizards
  4 kobolds
  6 rats
38 creatures vanquished.

Notes
Turn   | Place    | Note
-------+----------+-------------------------------------------
     0 | D:1      | meatball the Minotaur Berserker began the quest for the Orb.
     0 | D:1      | Reached XP level 1. HP: 19/19 MP: 0/0
   348 | D:1      | Reached XP level 2. HP: 17/27 MP: 1/1
   646 | D:1      | Reached skill level 4 in Maces & Flails
   887 | D:2      | Found an ornate altar of the Wu Jian Council.
  1272 | D:2      | Reached XP level 3. HP: 34/34 MP: 2/2
  1347 | D:2      | Reached ** piety under Trog
  1417 | D:2      | Noticed a hand axe
  1418 | D:2      | Noticed a dagger
  1435 | D:2      | Found a hide-covered altar of Uskayaw.
  1686 | D:2      | Found a white marble altar of Elyvilon.
  1743 | D:2      | Found a basalt altar of Yredelemnul.
  2008 | D:3      | Reached XP level 4. HP: 34/41 MP: 3/3
  2018 | D:3      | Reached skill level 5 in Maces & Flails
  2020 | D:3      | Slain by a gnoll

Vault maps used:
D:1:      elethiomel_arrival_infinity_welcomes_careful_drivers
D:2:      kennysheep_ying_yang, dancing_weapons_uskayaw, lemuel_crystal_altar,
          first_bread, minmay_lizard_pond
D:3:      lemuel_crystal_altar

Skill      XL: |  1  2  3  4 |
---------------+-------------+-----
Fighting       | 4 |  4.6
Maces & Flails | 4 5 |  5.0
Armour         | 3 |  3.3
Dodging        | |  2.1

Action                   |  1- 3 |  4- 6 || total
-------------------------+-------+-------++-------
Melee: Mace              |    89 |     8 ||    97
       Headbutt          |     8 |     1 ||     9
Invok: Berserk           |       |     1 ||     1
 Stab: Sleeping          |     1 |       ||     1
  Eat: Chunk             |     3 |       ||     3
Armor: Animal skin       |    16 |       ||    16
Dodge: Dodged            |    57 |     2 ||    59
